AoeStats
← Maty

Black Forest

510154538Analyzed
4v4 RM · 3d ago on Sep 29, 2026· 19m 59s· 8 players
Game mode
Random Map
Map size
Large (8 player)
Population
200
Speed
Normal
Resources
Standard
Victory
Conquest
Starting age
Dark Age
Ending age
Imperial Age
RankedLock teamsTeams togetherTeam positionsShared explorationLock speedFull tech treeHidden civsTurbo modeCheats
Victory
Defeat
🇹🇷 Persians · Türkiye
1600
+11
🇺🇸 Tupi · United States
1502
+15
🇺🇸 Gurjaras · United States
1481
+17
🇧🇪 Spanish · Belgium
1476
+17
🇺🇸 Bohemians · United States
1532
-16
🇺🇸 Burgundians · United States
1507
-16
🇧🇷 Saracens · Brazil
1490
-15
🇪🇨 Danes · Ecuador
1434
-13
Dreamer2599
7:08 Loom
10:58 Feudal Age
18:47 Castle Age
17:09 Double-Bit Axe
Malice
12:21 Feudal Age
12:28 Loom
16:33 Castle Age
14:35 Double-Bit Axe
16:45 Horse Collar
16:57 Gold Mining
17:56 Bow Saw
BungaloBones
1:11 Loom
13:28 Feudal Age
18:06 Castle Age
16:46 Double-Bit Axe
17:23 Horse Collar
nicetobeatyou
8:04 Loom
11:20 Feudal Age
15:10 Castle Age
13:36 Horse Collar
13:41 Double-Bit Axe
15:53 Fishing Lines
YOGRANNYCANTSCRAP
4:48 Double-Bit Axe
9:39 Loom
12:08 Feudal Age
10:56 Fishing Lines
12:11 Horse Collar
13:31 Wheelbarrow
13:16 Bow Saw
13:42 Wheelbarrow
17:46 Gillnets
The Daunting Knight
0:46 Loom
14:22 Feudal Age
16:40 Padded Archer Armor
16:29 Double-Bit Axe
18:45 Castle Age
Maty
6:19 Loom
8:49 Feudal Age
9:40 Double-Bit Axe
20:03 Castle Age
17:51 Fishing Lines
19:16 Bloodlines
Tylenol
0:39 Loom
9:34 Feudal Age
15:21 Double-Bit Axe
Connection lost

Rejoining the realm…

Still unreachable

The connection could not be restored.

Session expired

The server has moved on; the page needs a fresh start.